 Dungeon Crawl Stone Soup version 0.24.0-13-gcf9b3192b9 (webtiles) character file.

Game seed: 9229635916805174614, levelgen mode: deterministic

7189 Aviak the Blocker (level 10, -5/96 HPs)
             Began as a Deep Dwarf Fighter on Nov 9, 2019.
             Was a Believer of Makhleb.
             Slain by a vampire (7 damage)
             ... on level 11 of the Dungeon.
             The game lasted 00:11:06 (8727 turns).

Aviak the Blocker (Deep Dwarf Fighter)              Turns: 8727, Time: 00:11:07

Health: -5/96      AC: 14    Str: 22    XL:     10   Next: 87%
Magic:  17/17 (8)  EV:  3    Int: 10    God:    Makhleb [**....]
Gold:   503        SH: 19    Dex: 12    Spells: 9/9 levels left

rFire    . . .     SeeInvis .   a - +0 war axe
rCold    . . .     Gourm    .   I - +2 large shield
rNeg     . . .     Faith    .   u - +0 plate armour
rPois    .         Spirit   .   (no helmet)
rElec    .         Reflect  .   s - +0 cloak
rCorr    .         Harm     .   (no gloves)
MR       +....                  (no boots)
Stlth    ..........             (no amulet)
HPRegen  0.00/turn              L - -3 ring of slaying (curse)
MPRegen  0.15/turn              w - ring of magical power

@: non-regenerating
A: damage resistance, heal wounds, sense surroundings 2, no regeneration
a: Heal Wounds, Minor Destruction, Renounce Religion


You were on level 11 of the Dungeon.
You worshipped Makhleb.
Makhleb was pleased with you.
You were not hungry.

You visited 2 branches of the dungeon, and saw 12 of its levels.

You collected 503 gold pieces.

Inventory:

Hand Weapons
 a - a +0 war axe (weapon)
Armour
 b - a +0 scale mail
 c - a +0 shield
 s - a +0 cloak (worn)
 u - a +0 plate armour (worn)
 G - a scarf of spirit shield
 I - a +2 large shield (worn)
Jewellery
 w - a ring of magical power (right hand)
 y - an uncursed ring of wizardry
 E - a +2 ring of intelligence
 J - an uncursed ring of fire
 L - a cursed -3 ring of slaying (left hand)
 O - an uncursed amulet of the acrobat {unknown}
Wands
 o - a wand of polymorph (4)
 x - a wand of flame (39)
 D - a wand of random effects (33)
Scrolls
 e - 2 scrolls of amnesia {unknown}
 g - 14 scrolls of identify {unknown}
 j - a scroll of immolation {unknown}
 k - 2 scrolls of fear {unknown}
 l - 3 scrolls of enchant armour {unknown}
 m - 8 scrolls of remove curse {unknown}
 r - 7 scrolls of teleportation {unknown}
 t - 3 scrolls of fog {unknown}
 F - 3 scrolls of blinking {unknown}
 M - a scroll of magic mapping {unknown}
Potions
 d - 2 potions of might
 h - a potion of lignification {unknown}
 i - 2 potions of resistance
 n - 2 potions of mutation {unknown}
 p - 2 potions of ambrosia {unknown}
 q - a potion of degeneration {unknown}
 v - 3 potions of cancellation {unknown}
 z - 2 potions of curing {unknown}
 A - a potion of haste {unknown}
 B - 2 potions of invisibility {unknown}
 C - 3 potions of heal wounds {unknown}
 H - 2 potions of agility {unknown}
 K - 2 potions of flight {unknown}
Comestibles
 f - 15 rations


   Skills:
 + Level 7.9 Fighting
 + Level 9.2 Axes
 - Level 7.6 Armour
 + Level 9.4 Shields
 + Level 9.0 Invocations


You had 9 spell levels left.
You didn't know any spells.
Your spell library was empty.

Dungeon Overview and Level Annotations

Branches:
Dungeon (11/15)            Temple (1/1) D:5            Lair (0/6) D:11
    Orc: D:9-12

Altars:
Ashenzari
Cheibriados
Dithmenos
Elyvilon
Fedhas
Gozag
Hepliaklqana
Kikubaaqudgha
Makhleb
Nemelex Xobeh
Okawaru
Qazlal
Ru
Sif Muna
Trog
Uskayaw
Vehumet
Wu Jian
Xom
Yredelemnul
Zin
The Shining One

Annotations:
D:2 2 transporters


Innate Abilities, Weirdness & Mutations

You are resistant to damage.
You can heal yourself by infusing magical energy.
You passively map the area around you.
You do not regenerate.


Message History

* * * LOW HITPOINT WARNING * * *
You block something's attack.
You hit something but do no damage. Something hits you but does no damage.
Something bites you but does no damage.
Unknown command.
You hit something but do no damage. Something hits you.
Something bites you but does no damage.
Unknown command.
Your plate armour prevents you from hitting something.
Something hits you but does no damage. Something bites you but does no damage.
Unknown command.
You miss something. You block something's attack.
Something bites you but does no damage.
Unknown command.
You miss something. Something hits you but does no damage.
Something bites you but does no damage.
You hear some strange, mumbled words.
Something tries to affect you, but you resist.
You miss something. Something hits you!
You die...

,, #...########*, *
..#...#......# *
..#...#......#* >
..#...#......# .#
#.#...#..#...##.### ,
#.#...#......##+###
#.###.#...'.....##...##
#.....#####.....#.###.#
#....{@.........#D#)#.#
#..#............#.#+#.#
#...............##...##
#...............######.
#...............###..#.
#....................#.
#......................
#######################


There were no monsters in sight!

Vanquished Creatures
  Erica (D:10)
  Pikel (D:9)
  2 ugly things (D:11)
  A gargoyle (D:11)
  4 trolls
  Sigmund (D:3)
  Eustachio (D:5)
  A steam dragon (D:10)
  A hungry ghost (D:11)
  Menkaure (D:7)
  3 ice beasts
  A sky beast (D:10)
  An eye of draining (D:11)
  2 black bears
  5 ogres
  3 centaurs
  A big kobold (D:7)
  2 bullfrogs (D:10)
  A wyvern zombie (D:9)
  3 scorpions
  4 wights (D:10)
  7 howler monkeys
  8 crimson imps
  A bullfrog zombie (D:6)
  A jelly (D:6)
  8 hounds
  Crazy Yiuf (D:4)
  3 orc priests
  3 bullfrog skeletons
  6 orc wizards
  7 worker ants
  2 hound skeletons
  13 adders
  A howler monkey skeleton (D:7)
  3 shadow imps
  An ooze (D:1)
  An adder skeleton (D:5)
  3 leopard geckos
  30 orcs
  2 ball pythons
  3 bats (D:1)
  7 giant cockroaches
  2 goblins
  9 hobgoblins
  6 jackals (D:2)
  11 kobolds
  A quokka (D:4)
  7 frilled lizards
  A leopard gecko skeleton (D:4)
  A quokka skeleton (D:4)
  A quokka zombie (D:6)
  4 rats
194 creatures vanquished.

Vanquished Creatures (others)
  A butterfly (D:9)
1 creature vanquished.

Grand Total: 195 creatures vanquished

Notes
Turn   | Place    | Note
-------+----------+-------------------------------------------
     0 | D:1      | Aviak the Deep Dwarf Fighter began the quest for the Orb.
     0 | D:1      | Reached XP level 1. HP: 20/20 MP: 1/1
   149 | D:1      | Reached XP level 2. HP: 21/27 MP: 2/2
   825 | D:2      | Reached XP level 3. HP: 24/34 MP: 3/3
  1119 | D:2      | Found a transporter.
  1204 | D:2      | Found a hazy altar of Hepliaklqana.
  1204 | D:2      | Found a bloodstained altar of Trog.
  1209 | D:2      | Noticed a phantom
  1216 | D:2      | Found a transporter.
  1458 | D:3      | Noticed Sigmund
  1495 | D:3      | Killed Sigmund
  1495 | D:3      | Reached XP level 4. HP: 40/44 MP: 4/4
  1495 | D:3      | Reached XP level 5. HP: 45/50 MP: 5/5
  1807 | D:3      | Found a sparkling altar of Nemelex Xobeh.
  1886 | D:4      | Reached XP level 6. HP: 32/57 MP: 6/6
  2222 | D:4      | Reached skill level 5 in Armour
  2222 | D:4      | Reached skill level 5 in Shields
  2480 | D:4      | Found a runed translucent door.
  2481 | D:4      | Noticed Crazy Yiuf
  2705 | D:4      | Killed Crazy Yiuf
  2747 | D:5      | Entered Level 5 of the Dungeon
  2758 | D:5      | Reached XP level 7. HP: 39/64 MP: 6/6
  2816 | D:5      | Found a staircase to the Ecumenical Temple.
  2842 | Temple   | Entered the Ecumenical Temple
  2888 | Temple   | Became a worshipper of Makhleb the Destroyer
  2998 | D:5      | Reached skill level 5 in Axes
  2998 | D:5      | Reached skill level 1 in Invocations
  3522 | D:5      | Noticed Eustachio
  3547 | D:5      | Killed Eustachio
  3547 | D:5      | Reached XP level 8. HP: 46/73 MP: 8/8
  3774 | D:5      | Reached skill level 5 in Fighting
  3786 | D:5      | Found an opulent altar of Gozag.
  4172 | D:6      | Found a glowing golden altar of the Shining One.
  4405 | D:6      | Reached * piety under Makhleb
  4467 | D:6      | Found a glowing silver altar of Zin.
  5179 | D:7      | Noticed Menkaure
  5185 | D:7      | Killed Menkaure
  5578 | D:7      | Gained mutation: You passively map the area around you.
                  | [Deep Dwarf growth]
  5578 | D:7      | Reached XP level 9. HP: 47/82 MP: 10/10
  5610 | D:7      | Noticed a seven-headed hydra
  5816 | D:8      | Reached skill level 5 in Invocations
  5932 | D:8      | Found a sacrificial altar of Ru.
  6079 | D:8      | Reached ** piety under Makhleb
  6404 | D:9      | Noticed a troll
  6438 | D:9      | Killed a troll
  6743 | D:9      | Found a shimmering altar of Xom.
  6835 | D:9      | Noticed Pikel
  6882 | D:9      | Killed Pikel
  7272 | D:9      | Found a glowing golden altar of the Shining One.
  7275 | D:9      | Found a white marble altar of Elyvilon.
  7277 | D:9      | Found a glowing silver altar of Zin.
  7349 | D:10     | Entered Level 10 of the Dungeon
  7588 | D:10     | Noticed a troll
  7603 | D:10     | Killed a troll
  7603 | D:10     | Reached XP level 10. HP: 41/92 MP: 12/12
  8015 | D:10     | Noticed Erica
  8032 | D:10     | Killed Erica
  8333 | D:11     | Noticed a gargoyle
  8398 | D:11     | Killed a gargoyle
  8526 | D:11     | Noticed a green ugly thing
  8570 | D:11     | Noticed a brown ugly thing
  8573 | D:11     | Killed a green ugly thing
  8614 | D:11     | Killed a brown ugly thing
  8668 | D:11     | Noticed an ice dragon
  8682 | D:11     | Found a staircase to the Lair.
  8719 | D:11     | HP: 4/96 [something (8)]
  8727 | D:11     | Slain by a vampire

Levels and vault maps discovered:
D:1:      nicolae_arrival_washed_ashore, layout_basic
D:2:      layout_loops_corners, gammafunk_temple_overflow_arena,
          amethyst_killhole
D:3:      layout_rooms, lemuel_coloured_pillars_altar, grunt_ministairs_14,
          uniq_sigmund
D:4:      layout_basic, uniq_crazy_yiuf_cottage
D:5:      layout_layer_cave, overflow_temple_1_default,
          minmay_temple_entry_hall, first_ration, uniq_eustachio
D:6:      layout_basic, basic_altar, tso_metal_star
D:7:      minmay_chambers_of_sevens, layout_loops_ring, uniq_menkaure
D:8:      layout_loops_cross, nicolae_ru_sacrificial_ziggurat, serial_glass,
          glass_columns_b, glass_columns_b, glass_columns_c, glass_columns_a,
          glass_columns_c, glass_columns_b, glass_columns_b, glass_columns_b,
          glass_columns_b, glass_columns_a
D:9:      layout_stronghold, good_gods_temple_1, xom_butterflies, uniq_pikel
D:10:     layout_grid_maze, uniq_erica
D:11:     layout_stronghold, lair_entry_dummy, the_bakery,
          kennysheep_just_a_vault
Temple:   cyrus_circular_temple

Skill      XL: |  1  2  3  4  5  6  7  8  9 10 |
---------------+-------------------------------+-----
Fighting       | 3 4 5 6 7 |  7.9
Axes           | 3 4 5 6 7 9 |  9.2
Armour         | 4 5 6 7 |  7.6
Shields        | 4 5 6 8 9 |  9.4
Invocations    | 2 4 7 9 |  9.0

Action                   |  1- 3 |  4- 6 |  7- 9 | 10-12 || total
-------------------------+-------+-------+-------+-------++-------
Melee: War axe           |   148 |   136 |   576 |   249 ||  1109
Invok: Minor Destruction |       |       |     4 |     7 ||    11
 Abil: Heal Wounds       |     1 |     1 |    13 |    24 ||    39
Evoke: Wand              |       |       |       |     1 ||     1
  Eat: Chunk             |     2 |     3 |    12 |     1 ||    18
       Ration            |       |     1 |     1 |     3 ||     5
Armor: Scale mail        |    52 |    13 |       |       ||    65
       Skin              |     9 |       |       |       ||     9
       Plate armour      |       |    59 |   343 |   106 ||   508
Dodge: Dodged            |    45 |    33 |    92 |    20 ||   190
Block: Shield            |    80 |    80 |   242 |       ||   402
       Large shield      |       |       |   198 |   253 ||   451
